 Dungeon Crawl Stone Soup version 0.20.1-1-g8b1a95d (webtiles) character file.

136 MovingMist the Ducker (level 4, 0/35 HPs)
             Began as a Demonspawn Gladiator on Nov 20, 2017.
             Slain by a gnoll
             ... wielding a +0 spear
              (3 damage)
             ... on level 3 of the Dungeon.
             The game lasted 00:05:16 (2097 turns).

MovingMist the Ducker (Demonspawn Gladiator)        Turns: 2097, Time: 00:05:17

Health: 0/35       AC:  6    Str: 15    XL:     4   Next: 98%
Magic:  4/4        EV: 13    Int:  9    God:
Gold:   94         SH:  3    Dex: 15    Spells: 0/3 levels left

rFire    . . .     SeeInvis .   a - +0 long sword
rCold    . . .     Gourm    .   k - +0 buckler
rNeg     . . .     Faith    .   b - +0 leather armour
rPois    .         Spirit   .   c - +0 helmet
rElec    .         Reflect  .   (no cloak)
rCorr    .         Harm     .   (no gloves)
MR       .....                  (no boots)
Stlth    +.........             (no amulet)
Regen    0.2/turn               (no ring)
MPRegen  0.1/turn               (no ring)

@: no status effects
A: iridescent scales 1, powered by pain 1
a: no special abilities


You were on level 3 of the Dungeon.
You were not hungry.

You visited 1 branch of the dungeon, and saw 3 of its levels.

You collected 94 gold pieces.

Inventory:

Hand Weapons
 a - a +0 long sword (weapon)
Missiles
 d - 3 throwing nets (quivered)
Armour
 b - a +0 leather armour (worn)
 c - a +0 helmet (worn)
 k - a +0 buckler (worn)
Wands
 n - a wand of disintegration (10/24)
Scrolls
 i - a scroll of amnesia {unknown}
 j - 4 scrolls of identify {unknown}
 l - 2 scrolls of teleportation {unknown}
 m - a scroll of blinking {unknown}
 o - 2 scrolls of remove curse {unknown}
 p - a scroll of immolation {unknown}
 r - a scroll of fear {unknown}
Potions
 e - a potion of magic
 s - a potion of haste {unknown}
Comestibles
 f - 2 bread rations
 g - 4 meat rations
 h - 6 chunks of flesh
 q - a fruit


   Skills:
 + Level 3.4 Fighting
 + Level 3.2 Long Blades
 - Level 1.7 Throwing
 * Level 4.0 Dodging


You couldn't memorise any spells.
You knew the following spells:

 Your Spells              Type           Power        Failure   Level  Hunger
a - Confuse               Hex            #.......     94%         3    ####...


Dungeon Overview and Level Annotations

Branches:
Dungeon (3/15)

Altars:
Fedhas
Nemelex Xobeh


Innate Abilities, Weirdness & Mutations

You are partially covered in iridescent scales. (AC +2)
You sometimes gain a little power by taking damage.


Message History

You hit the frilled lizard.
You kill the frilled lizard!
The gnoll misses you. The gnoll hits you but does no damage.
Unknown command.
You see here a frilled lizard corpse.
A bat comes into view.
The bat completely misses you.
Found an inky potion.
The bat hits you but does no damage. The bat barely misses you.
You riposte.
You closely miss the bat. The bat barely misses you. The bat barely misses you.
You riposte.
You miss the bat. The bat barely misses you. The bat barely misses you.
You block the bat's attack.
You see here an inky potion.
s - an inky potion The bat barely misses you.
You riposte.
You closely miss the bat. The bat hits you but does no damage.
The gnoll hits you from afar with a spear.
You die...

#.##### ..# #.#
##K#...# .... #.#
#.####......##...K# #.#
#.......g...#####.. #.#
######......# #.# #.#
####g..# .# #.# #gb.#
#.# #...# ##'## #@..#
#. #.... #...# #. #....
#...# #.###.... #...#
#..##.... #####
#.......# #.......#
#.(.....#
###############.......#
#.....#...............#


You could see 3 gnolls, a bat and a kobold.

Vanquished Creatures
  Natasha (D:3)
  3 gnolls (D:2)
  2 adders
  2 oozes
  A worm (D:2)
  An orc (D:3)
  A ball python (D:1)
  4 giant cockroaches
  5 goblins
  4 hobgoblins
  4 jackals
  3 kobolds
  A quokka (D:2)
  12 bats
  2 frilled lizards
  6 rats (D:1)
52 creatures vanquished.

Notes
Turn   | Place    | Note
-------+----------+-------------------------------------------
     0 | D:1      | MovingMist the Demonspawn Gladiator began the quest for the Orb.
     0 | D:1      | Reached XP level 1. HP: 16/16 MP: 1/1
    21 | D:1      | Reached skill level 3 in Dodging
    48 | D:1      | Gained mutation: You are partially covered in iridescent scales. (AC +2) [demonic ancestry]
    48 | D:1      | Reached XP level 2. HP: 15/22 MP: 2/2
   554 | D:1      | Reached XP level 3. HP: 28/28 MP: 3/3
  1081 | D:2      | Found a blossoming altar of Fedhas.
  1135 | D:2      | Gained mutation: You sometimes gain a little power by taking damage. [demonic ancestry]
  1135 | D:2      | Reached XP level 4. HP: 12/35 MP: 4/4
  1665 | D:2      | Found a sparkling altar of Nemelex Xobeh.
  1672 | D:2      | Learned a level 3 spell: Confuse
  1908 | D:3      | Noticed Natasha
  1919 | D:3      | Killed Natasha
  1956 | D:3      | Reached skill level 4 in Dodging
  2076 | D:3      | HP: 1/35 [gnoll/spear (1)]
  2081 | D:3      | HP: 1/35 [gnoll/spear (1)]
  2097 | D:3      | Slain by a gnoll

Skill      XL: |  1  2  3  4 |
---------------+-------------+-----
Dodging        | 3 4 |  4.0
Long Blades    | 3 |  3.2
Fighting       | 3 |  3.4
Throwing       | |  1.7

Action                   |  1- 3 |  4- 6 || total
-------------------------+-------+-------++-------
Melee: Long sword        |   110 |    59 ||   169
  Use: Potion            |       |     2 ||     2
  Eat: Chunk             |     1 |     3 ||     4
Armor: Leather armour    |    51 |    20 ||    71
Dodge: Dodged            |    94 |    43 ||   137
Block: Buckler           |     9 |    11 ||    20
       Rpst.: Long sword |    31 |    15 ||    46
